 Dungeon Crawl Stone Soup version 0.20-a0-1050-g57248f3 (webtiles) character file.

634 M4edhros the Slasher (level 7, -7/48 HPs)
             Began as an Octopode Fighter on Apr 25, 2017.
             Was a Believer of Cheibriados.
             Shot with a sling bullet by Joseph (20 damage)
             ... on level 7 of the Dungeon.
             The game lasted 00:05:51 (2262 turns).

M4edhros the Slasher (Octopode Fighter)             Turns: 2262, Time: 00:05:51

Health: -7/48      AC:  1    Str: 19    XL:     7   Next: 49%
Magic:  7/7        EV: 13    Int: 15    God:    Cheibriados [**....]
Gold:   114        SH: 12    Dex: 17    Spells: 6/6 levels left

rFire    . . .     SeeInvis .   a - +5 long sword
rCold    . . .     Gourm    .   b - +2 shield
rNeg     . . .     Faith    .   (helmet restricted)
rPois    .         Spirit   .   (no amulet)
rElec    .         Reflect  .   i - ring of teleportation
rCorr    +         Harm     .   k - ring of resist corrosion
MR       .....     Rnd*Tele +   (no ring)
Stlth    +++.......             (no ring)
Regen    0.2/turn               (no ring)
MPRegen  0.1/turn               (no ring)
                                (no ring)
                                (no ring)

@: very slow
A: almost no armour, stealthy swim, amphibious, 8 rings, constrict 8, camouflage
1, gelatinous body 1
a: Bend Time, Renounce Religion


You were on level 7 of the Dungeon.
You worshipped Cheibriados.
Cheibriados was pleased with you.
You were not hungry.

You visited 1 branch of the dungeon, and saw 7 of its levels.

You collected 114 gold pieces.

Inventory:

Hand Weapons
 a - a +5 long sword (weapon)
Armour
 b - a +2 shield (worn)
Jewellery
 h - an uncursed amulet of faith
 i - a ring of teleportation (left tentacle)
 k - a ring of resist corrosion (right tentacle)
Wands
 m - a wand of enslavement (8/24)
Scrolls
 e - 2 scrolls of teleportation {unknown}
 f - a scroll of remove curse
 n - a scroll of immolation
Potions
 c - 2 potions of might
 g - a potion of cancellation {unknown}
 j - a potion of curing
 o - a potion of degeneration {unknown}
Comestibles
 d - 2 bread rations
 l - 20 chunks of flesh


   Skills:
 + Level 4.0 Fighting
 + Level 6.4 Long Blades
 + Level 4.1 Dodging
 + Level 4.1 Shields


You had 6 spell levels left.
You didn't know any spells.

Dungeon Overview and Level Annotations

Branches:
Dungeon (7/15)             Temple (0/1) D:4

Altars:
Ashenzari
Cheibriados
Dithmenos
Gozag
Okawaru

Annotations:
D:7 Joseph


Innate Abilities, Weirdness & Mutations

You cannot wear most types of armour.
You are very stealthy in the water. (Stealth+)
You are amphibious.
You can wear up to eight rings at the same time.
You can use your tentacles to constrict eight enemies at once.
Your skin changes colour to match your surroundings (Stealth+).
Your rubbery body absorbs attacks. (AC +1, EV +1)


Message History

Aim: Joseph, wielding a hunting sling and wearing a ring mail (chance to defeat MR: 28%)
Okay, then.
Okay, then.
Okay, then.
Okay, then.
Evoke which item? (* to show all) (? for menu, Esc to quit)
Aiming: Enslavement (will waste charges)
Press: ? - help, Shift-Dir - straight line, f - Joseph
Aim: Joseph, wielding a hunting sling and wearing a ring mail (chance to defeat MR: 28%) Joseph easily resists.
Evoking this partially-identified wand wasted a few charges.
Joseph shoots a sling bullet.
You block the sling bullet.
Evoke which item? (* to show all) (? for menu, Esc to quit)
Aiming: Enslavement (will waste charges)
Press: ? - help, Shift-Dir - straight line, f/p - Joseph
Aim: Joseph, wielding a hunting sling and wearing a ring mail (chance to defeat MR: 28%) Joseph easily resists.
Evoking this partially-identified wand wasted a few charges.
Joseph shoots a sling bullet.
The sling bullet hits you!!
You die...

#. .# #. .# #.###.#
# #.....# .####.
#.....###......
#..@. #... ..
#####...###.##.####
.......@...........
####....###.######
###### #<# ###


You could see Joseph.

Vanquished Creatures
  An orc warrior (D:6)
  A centaur (D:6)
  A scorpion (D:4)
  A howler monkey (D:3)
  A crimson imp (D:5)
  An orc priest (D:6)
  A bullfrog skeleton (D:5)
  2 orc wizards (D:6)
  3 worker ants
  4 gnolls (D:3)
  3 adders (D:2)
  An ooze (D:2)
  An adder skeleton (D:4)
  A worm (D:5)
  A dart slug (D:5)
  11 orcs
  3 giant cockroaches
  6 goblins
  9 hobgoblins
  7 jackals
  9 kobolds
  3 quokkas
  6 bats
  4 frilled lizards
  A leopard gecko skeleton (D:4)
  4 rats
86 creatures vanquished.

Notes
Turn   | Place    | Note
-------+----------+-------------------------------------------
     0 | D:1      | M4edhros the Octopode Fighter began the quest for the Orb.
     0 | D:1      | Reached XP level 1. HP: 16/16 MP: 1/1
    73 | D:1      | Reached XP level 2. HP: 18/21 MP: 2/2
   132 | D:1      | Reached skill level 3 in Long Blades
   153 | D:2      | Reached XP level 3. HP: 22/26 MP: 3/3
   357 | D:2      | Found an iron altar of Okawaru.
   473 | D:2      | Found a shadowy altar of Dithmenos.
   477 | D:2      | Reached skill level 4 in Long Blades
   499 | D:2      | Reached XP level 4. HP: 22/31 MP: 4/4
   841 | D:4      | Reached skill level 5 in Long Blades
   841 | D:4      | Reached XP level 5. HP: 18/36 MP: 5/5
  1004 | D:4      | Found a staircase to the Ecumenical Temple.
  1011 | D:4      | Found a snail-covered altar of Cheibriados.
  1011 | D:4      | Found a shattered altar of Ashenzari.
  1032 | D:4      | Became a worshipper of Cheibriados the Contemplative
  1328 | D:1      | Reached * piety under Cheibriados
  1479 | D:3      | Reached XP level 6. HP: 30/42 MP: 6/6
  1545 | D:5      | Entered Level 5 of the Dungeon
  1587 | D:5      | Found a snail-covered altar of Cheibriados.
  1738 | D:5      | Found an opulent altar of Gozag.
  1970 | D:5      | Reached skill level 6 in Long Blades
  2150 | D:6      | Noticed an orc warrior
  2160 | D:6      | Killed an orc warrior
  2160 | D:6      | Reached XP level 7. HP: 32/47 MP: 7/7
  2194 | D:6      | Reached ** piety under Cheibriados
  2259 | D:7      | Noticed Joseph
  2262 | D:7      | Shot with a sling bullet by Joseph

Vault maps used:
D:1:      lightli_arrival_noodles
D:2:      old_standard_altar, lemuel_crystal_altar, first_bread,
          chequers_ecumenical_altar_lobes, serial_forest,
          infiniplex_forest_end_1, infiniplex_forest_clump_medium,
          infiniplex_forest_straight_2, infiniplex_forest_straight_2,
          infiniplex_forest_clump_long, infiniplex_forest_lined_corner,
          infiniplex_forest_straight_1, minmay_tripent, uniq_sigmund
D:4:      minmay_door_path, kennysheep_mini,
          chequers_temple_overflow_statue_of_worship,
          minmay_temple_entry_overgrown, serial_shops, shop
D:5:      nicolae_ru_sacrificial_ziggurat, lemuel_round_altar, enter_ossuary_3,
          kennysheep_slug_shrine
D:6:      yredelemnul_altar_generic, uniq_duvessa, uniq_menkaure
D:7:      grunt_temple_overflow_cloverleaf, basic_altar,
          roderic_aztec_sauvastika, xom_teletrap_fun, uniq_joseph

Skill      XL: |  1  2  3  4  5  6  7 |
---------------+----------------------+-----
Long Blades    | 3 4 5 6 |  6.4
Shields        | 4 |  4.1
Dodging        | 4 |  4.1
Fighting       | 4 |  4.0

Action                   |  1- 3 |  4- 6 |  7- 9 || total
-------------------------+-------+-------+-------++-------
Melee: Long sword        |    45 |    86 |    14 ||   145
       Constrict         |    15 |    26 |     5 ||    46
       Tentacles         |    10 |    18 |     2 ||    30
Evoke: Wand              |       |       |     2 ||     2
  Use: Potion            |       |     1 |       ||     1
       Scroll            |       |    10 |       ||    10
 Stab: Sleeping          |     5 |     5 |       ||    10
  Eat: Chunk             |       |     2 |     1 ||     3
Armor: Skin              |     3 |     1 |       ||     4
Dodge: Dodged            |    26 |    47 |     4 ||    77
Block: Shield            |    17 |    43 |    10 ||    70
       Rpst.: Long sword |    10 |    11 |       ||    21
